 Dungeon Crawl Stone Soup version 0.27-a0-887-gcab673c142 (webtiles) character file.

Game seed: 13507065072800862250

111 jestyr24 the Shield-Bearer (level 4, -1/41 HPs)
             Began as a Minotaur Fighter on Apr 5, 2021.
             Slain by Pikel
             ... wielding a +0 whip of flaming
              (4 damage)
             ... on level 4 of the Dungeon.
             The game lasted 00:04:13 (1476 turns).

jestyr24 the Shield-Bearer (Minotaur Fighter)       Turns: 1476, Time: 00:04:13

Health: -1/41      AC:  7    Str: 22    XL:     4   Next: 62%
Magic:  3/3        EV:  7    Int:  5    God:
Gold:   145        SH:  9    Dex:  9    Spells: 3/3 levels left

rFire    . . .     SeeInvis .   a - +0 long sword
rCold    . . .     Faith    .   c - +0 kite shield
rNeg     . . .     Spirit   .   b - +0 scale mail
rPois    .         Reflect  .   (helmet restricted)
rElec    .         Harm     .   (no cloak)
rCorr    .         Rampage  .   (no gloves)
Will     .....                  (no boots)
Stlth    ..........             (no amulet)
HPRegen  0.13/turn              (no ring)
MPRegen  0.08/turn              (no ring)

@: no status effects
A: horns 2, retaliatory headbutt
a: no special abilities


You were on level 4 of the Dungeon.
You visited 1 branch of the dungeon, and saw 3 of its levels.

You collected 145 gold pieces.

Inventory:

Hand Weapons
 a - a +0 long sword (weapon)
 i - a +0 falchion
Missiles
 j - 11 poisoned darts (quivered)
Armour
 b - a +0 scale mail (worn)
 c - a +0 kite shield (worn)
Scrolls
 f - 2 scrolls of identify {unknown}
 g - a scroll of noise {unknown}
 h - a scroll of immolation {unknown}
Potions
 d - a potion of might
 e - a potion of curing


   Skills:
 * Level 4.6 Fighting
 - Level 2.7 Long Blades
 + Level 4.6 Armour
 + Level 0.4 Dodging
 + Level 4.8 Shields


You had 3 spell levels left.
You didn't know any spells.
Your spell library contained the following spells:

 Spells                   Type           Power      Damage    Failure   Level
 Confusing Touch          Hex            0%         N/A       100%        3
 Gell's Gravitas          Tloc           0%         N/A       100%        3
 Petrify                  Tmut/Erth      0%         N/A       100%        4
 Metabolic Englaciation   Hex/Ice        0%         N/A       100%        5
 Yara's Violent Unravell  Hex/Tmut       0%         3d3       100%        5


Dungeon Overview and Level Annotations

Branches:
Dungeon (2/15)

Altars:

Annotations:
D:4 Pikel


Innate Abilities, Weirdness & Mutations

You have a pair of horns on your head.
You reflexively headbutt those who attack you in melee.


Message History

Pikel hits you with a +0 whip of flaming.
* * * LOW HITPOINT WARNING * * *
Pikel burns you.
* * * LOW HITPOINT WARNING * * *
Okay, then.
It was a potion of heal wounds.
You feel much better. You block Pikel's attack.
You barely miss Pikel.
Pikel is severely wounded.
Pikel barely misses you. You furiously retaliate!
You headbutt Pikel, but do no damage.
You riposte.
You hit Pikel but do no damage. Your headbutt misses Pikel.
Pikel is severely wounded.
Pikel hits you with a +0 whip of flaming.
Pikel burns you.
You hit Pikel but do no damage.
Pikel is severely wounded.
Pikel hits you with a +0 whip of flaming.
Pikel burns you.
You slash Pikel! Your headbutt misses Pikel.
Pikel is almost dead.
Pikel hits you with a +0 whip of flaming.
Pikel burns you.
You closely miss Pikel. You headbutt Pikel.
Pikel is almost dead.
Pikel closely misses you. You block Pikel's attack.
Your shield prevents you from hitting Pikel.
Pikel is almost dead.
Pikel hits you but does no damage.
You miss Pikel.
Pikel is almost dead.
Pikel hits you with a +0 whip of flaming.
Pikel burns you.
* * * LOW HITPOINT WARNING * * *
You block Pikel's attack.
You closely miss Pikel. Your headbutt misses Pikel.
Pikel is almost dead.
Pikel hits you with a +0 whip of flaming!
* * * LOW HITPOINT WARNING * * *
Pikel burns you.
You die...

.#....# #.# #.#.#.# #.# .. #.
##†##.###.# ..## .
..........# ... . ###
#####.##### ... .#.. # #.##
#.###.# ## #..## #.....# .
.####...###########...###..>.
.'..............@K55.........
.####....##########5..#.##...
## ##.#># ##.#...# # ###.#
......# #.# .###...# #.# #.
#### #.# # #.# ### #.#


You could see Pikel and 3 lemures.

Vanquished Creatures
  A bullfrog zombie (D:4)
  A hound (D:4)
  An adder (D:4)
  2 dart slugs
  An orc (D:4)
  2 ball pythons (D:1)
  An endoplasm (D:4)
  5 giant cockroaches
  5 goblins
  A hobgoblin (D:4)
  4 jackals
  2 kobolds
  A quokka (D:1)
  A bat (D:1)
  2 frilled lizards (D:1)
  A rat (D:1)
31 creatures vanquished.

Notes
Turn   | Place    | Note
-------+----------+-------------------------------------------
     0 | D:1      | jestyr24 the Minotaur Fighter began the quest for the Orb.
     0 | D:1      | Reached XP level 1. HP: 19/19 MP: 0/0
   424 | D:1      | Reached XP level 2. HP: 27/27 MP: 1/1
   982 | D:2      | You fall into a shaft and drop 2 floors!
  1032 | D:4      | Reached XP level 3. HP: 33/33 MP: 2/2
  1045 | D:4      | Reached XP level 4. HP: 38/41 MP: 3/3
  1451 | D:4      | Noticed Pikel
  1452 | D:4      | Noticed a lemure
  1452 | D:4      | Noticed a lemure
  1453 | D:4      | Noticed a lemure
  1454 | D:4      | Noticed a lemure
  1476 | D:4      | Slain by Pikel

Illustrated notes

Levels and vault maps discovered:
D:1:      dpeg_arrival_fog, layout_basic, minmay_misc_feat_four_crosses
D:2:      layout_loops_ring, ebering_ecumenical_altar_abandoned, basic_altar,
          uniq_robin, uniq_sigmund
D:4:      minmay_inner_zag, layout_loops_corners, lemuel_round_altar,
          nicolae_ossuary_entry_monument, uniq_pikel

Skill      XL: |  1  2 |
---------------+-------+-----
Shields        | 4 |  4.8
Fighting       | 4 |  4.6
Armour         | 4 |  4.6
Long Blades    | |  2.7
Dodging        | |  0.4

Action                   |  1- 3 |  4- 6 || total
-------------------------+-------+-------++-------
Melee: Long sword        |    53 |    41 ||    94
       Headbutt          |     5 |     8 ||    13
  Use: Potion            |       |     2 ||     2
Armor: Scale mail        |    24 |    13 ||    37
Dodge: Dodged            |    18 |    12 ||    30
Block: Kite shield       |    34 |    24 ||    58
       Rpst.: Long sword |     5 |     5 ||    10

Table legend: (Time is in decaauts)
 A = Elapsed time spent in this place.
 B = Non-inter-level travel time spent in this place.
 C = Inter-level travel time spent in this place.
 D = Time resting spent in this place.
 E = Time spent auto-exploring this place.
 F = Levels seen in this place.
 G = Mean time per level.
                   A        B        C        D        E       F      G
               +--------+--------+--------+--------+--------+-----+--------+
         Total |   1521 |   1488 |     33 |      0 |   1115 |   3 |  507.0 |
       Dungeon |   1521 |   1488 |     33 |      0 |   1115 |   3 |  507.0 |
               +--------+--------+--------+--------+--------+-----+--------+

Top non-repeatable levels by time:
     D:1: 890 daAuts
     D:4: 518 daAuts
     D:2: 112 daAuts
